AoeStats
← Cinnamoroll

Socotra

505584348Analyzed
4v4 RM · 23d ago on Sep 10, 2026· 34m 49s· 8 players
Game mode
Random Map
Map size
148×148
Population
200
Speed
Normal
Resources
Standard
Victory
Conquest
Starting age
Dark Age
Ending age
Imperial Age
RankedLock teamsTeams togetherTeam positionsShared explorationLock speedFull tech treeHidden civsTurbo modeCheats
Victory
Defeat
🇨🇱 Lithuanians · Chile
1609
+16
🇨🇱 Japanese · Chile
1418
+23
🇨🇱 Burgundians · Chile
1395
+24
🇨🇱 Khitans · Chile
1390
+23
🇮🇳 Bengalis · India
1655
-24
🇧🇷 Inca · Brazil
1604
-22
🇨🇳 Malians · China
1569
-21
🇨🇦 Goths · Canada
1523
-19
Cinnamoroll
0:26 Loom
11:16 Feudal Age
12:19 Double-Bit Axe
14:46 Wheelbarrow
15:15 Fletching
18:04 Gold Mining
20:06 Padded Archer Armor
20:24 Town Watch
25:46 Castle Age
25:29 Gold Mining
25:23 Horse Collar
26:10 Crossbowman
26:48 Bodkin Arrow
27:09 Leather Archer Armor
27:37 Bow Saw
28:29 Ballistics
32:03 Elite Skirmisher
kerwin
6:35 Loom
8:57 Feudal Age
9:24 Double-Bit Axe
9:36 Horse Collar
15:07 Forging
21:54 Castle Age
21:39 Bloodlines
21:59 Light Cavalry
22:49 Bow Saw
26:07 Scale Barding Armor
29:51 Wheelbarrow
29:02 Town Watch
34:21 Gold Mining
Paladin
9:18 Feudal Age
9:49 Double-Bit Axe
12:45 Bloodlines
13:43 Scale Barding Armor
13:27 Loom
18:39 Wheelbarrow
19:09 Horse Collar
24:01 Castle Age
22:51 Forging
22:58 Gold Mining
24:11 Light Cavalry
25:20 Chain Barding Armor
25:32 Light Cavalry
29:47 Husbandry
34:09 Bow Saw
逆·风
5:18 Loom
8:44 Feudal Age
10:21 Double-Bit Axe
13:14 Fletching
17:42 Horse Collar
18:51 Wheelbarrow
18:50 Town Watch
19:13 Stone Mining
25:58 Castle Age
24:52 Padded Archer Armor
25:23 Gold Mining
26:04 Crossbowman
28:06 Bodkin Arrow
30:04 Leather Archer Armor
30:07 Thumb Ring
Ux'Misionero Ateo
5:40 Loom
8:41 Feudal Age
9:19 Double-Bit Axe
16:39 Scale Barding Armor
17:12 Forging
18:44 Wheelbarrow
21:37 Bloodlines
25:03 Castle Age
23:08 Horse Collar
24:15 Gold Mining
25:08 Light Cavalry
26:34 Iron Casting
28:51 Scale Mail Armor
29:16 Chain Barding Armor
34:45 Husbandry
EseTipo
1:49 Loom
13:20 Feudal Age
13:55 Double-Bit Axe
15:50 Fletching
18:21 Padded Archer Armor
24:38 Castle Age
23:18 Gold Mining
24:43 Crossbowman
25:27 Bodkin Arrow
27:19 Bow Saw
26:50 Horse Collar
31:11 Gold Shaft Mining
31:08 Ballistics
32:24 Leather Archer Armor
Merkaria
4:47 Loom
9:00 Feudal Age
9:29 Double-Bit Axe
9:25 Domestication
14:37 Forging
15:28 Scale Barding Armor
18:19 Gold Mining
21:03 Castle Age
22:31 Iron Casting
22:04 Husbandry
29:02 Chain Barding Armor
29:41 Bow Saw
29:30 Gold Mining
RuNico
6:39 Loom
9:18 Feudal Age
9:28 Double-Bit Axe
21:53 Fletching
23:37 Scale Mail Armor
25:10 Bow Saw
28:43 Castle Age
27:32 Padded Archer Armor
27:59 Horse Collar
28:16 Gold Mining
29:41 Forging
29:07 Crossbowman
31:09 Bodkin Arrow
33:21 Heavy Plow
Connection lost

Rejoining the realm…

Still unreachable

The connection could not be restored.

Session expired

The server has moved on; the page needs a fresh start.